cohdb
Replays
Latest Replays
All Replays
Popular Replays
Top Player Replays
Match Explorer
How It Works
Community
CoH3 Stats
Reddit
Sign in to upload your games and track your stats! →
Sign in with Steam
Match 45396130
Unlisted
Match 45396130
Overview
Messages
Build Orders
End
Construct Weapon Support Center
Construct Barracks
Scout Squad
Selects Advanced Infantry Battlegroup
Riflemen Squad
Riflemen Squad
Infantry Support Center
Riflemen Squad
Construct Medical Station
Selects Convert to Ranger Squad
Selects Artillery Observers
Convert to Ranger Squad
Construct Motor Pool
M8 Greyhound Armored Car
Selects Frontline Medical Station
Riflemen Squad
Grenade Package
M24 Chaffee Light Tank
Max1boy
CommissarJuriSprite
0
0
Comments
sign in to comment!
No comments posted yet!